EL
PORTLAND SEA DOGS @ TRENTON THUNDER
09/19/2046
 
TOP OF THE 1ST
Portland Sea Dogs batting - Pitching for Trenton Thunder : LHP Omar Quinones
Pitching: LHP Omar Quinones
Batting: RHB John Chiesa 0-0: Swinging Strike
0-1: Fly out, F7 (Flyball, 7LS, EV 87.5 MPH)
Batting: RHB Matt Hinkle 0-0: Ball
1-0: Foul Ball, location: 2F
1-1: Fly out, F8 (Flyball, 8LD, EV 99.4 MPH)
Batting: RHB William Lung 0-0: Swinging Strike
0-1: Ball
1-1: Ball
2-1: Called Strike
2-2: Strikes out swinging
Top of the 1st over - 0 runs, 0 hits, 0 errors, 0 left on base; Portland 0 - Trenton 0
BOTTOM OF THE 1ST
Trenton Thunder batting - Pitching for Portland Sea Dogs : LHP Will Sledge
Pitching: LHP Will Sledge
Batting: RHB Phil Reeves 0-0: Reached via error on a dropped throw from 2B, E3 (Groundball, 4, EV 93.1 MPH)
Batting: RHB Jose Tovar 0-0: Called Strike
0-1: Fly out, F8 (Flyball, 8LXD, EV 91.9 MPH)
Batting: LHB Bobby Upton 0-0: Called Strike
0-1: Grounds into double play, 6-4-3 (Groundball, 6, EV 88.8 MPH)
Bottom of the 1st over - 0 runs, 0 hits, 1 error, 0 left on base; Portland 0 - Trenton 0
TOP OF THE 2ND
Portland Sea Dogs batting - Pitching for Trenton Thunder : LHP Omar Quinones
Batting: RHB Jose Diaz 0-0: Foul Ball, location: 2F
0-1: Ground out 4-3 (Groundball, 4, EV 88.8 MPH)
Batting: RHB Carlos Nolasco 0-0: Ball
1-0: Ball
2-0: Ball
3-0: Called Strike
3-1: Foul Ball, location: 2F
3-2: Ground out 4-3 (Groundball, 4MS, EV 83.8 MPH)
Batting: RHB Mike Cavagnaro 0-0: Called Strike
0-1: Ball
1-1: Ground out 3-1 (Groundball, 13, EV 88.1 MPH)
Top of the 2nd over - 0 runs, 0 hits, 0 errors, 0 left on base; Portland 0 - Trenton 0
BOTTOM OF THE 2ND
Trenton Thunder batting - Pitching for Portland Sea Dogs : LHP Will Sledge
Batting: RHB Christian Shearer 0-0: Ball
1-0: Ball
2-0: Fly out, F8 (Flyball, 78M, EV 81.9 MPH)
Batting: SHB Ryan Buchbinder 0-0: Ball
1-0: SOLO HOME RUN (Flyball, 9LD, EV 93.8 MPH), Distance : 343 ft
Batting: RHB Larry Martell 0-0: Foul Ball, location: 2F
0-1: Swinging Strike
0-2: Ball
1-2: Ball
2-2: Strikes out looking
Batting: RHB Roberto Tena 0-0: Ball
1-0: Called Strike
1-1: Foul Ball, location: 2F
1-2: Ball
2-2: Ball
3-2: Base on Balls
Batting: SHB David Stewart 0-0: Called Strike
0-1: Called Strike
Roberto Tena steals 2nd, throwing error, E2
Roberto Tena to third
0-2: Strikes out swinging
Bottom of the 2nd over - 1 run, 1 hit, 1 error, 1 left on base; Portland 0 - Trenton 1
TOP OF THE 3RD
Portland Sea Dogs batting - Pitching for Trenton Thunder : LHP Omar Quinones
Batting: RHB Tommy Boudreaux 0-0: Foul Ball, location: 2F
0-1: Foul Ball, location: 2F
0-2: Ball
1-2: Foul Ball, location: 2F
1-2: Ball
2-2: DOUBLE (Line Drive, 5D, EV 105.0 MPH)
Batting: RHB Frank Sokolosky 0-0: Ball
1-0: Called Strike
1-1: Ball
2-1: Foul Ball, location: 2F
2-2: Ball
3-2: Strikes out looking
Batting: RHB Nick Cottrell 0-0: Called Strike
0-1: Foul Ball, location: 2F
0-2: Strikes out looking
Batting: RHB John Chiesa 0-0: Ball
1-0: Ball
2-0: Called Strike
2-1: Swinging Strike
2-2: Ball
3-2: Base on Balls
Batting: RHB Matt Hinkle 0-0: Called Strike
0-1: Ball
1-1: Swinging Strike
1-2: Ball
2-2: Strikes out swinging
Top of the 3rd over - 0 runs, 1 hit, 0 errors, 2 left on base; Portland 0 - Trenton 1
BOTTOM OF THE 3RD
Trenton Thunder batting - Pitching for Portland Sea Dogs : LHP Will Sledge
Batting: RHB Javier Umanzor 0-0: Ball
1-0: Foul Ball, location: 2F
1-1: Ball
2-1: Ball
3-1: Called Strike
3-2: SINGLE (Groundball, 34D, EV 101.2 MPH)
Batting: RHB Phil Reeves 0-0: Called Strike
0-1: Called Strike
0-2: Ball
1-2: Strikes out swinging
Batting: RHB Jose Tovar 0-0: Called Strike
0-1: Ball
1-1: Ball
2-1: Ball
3-1: Swinging Strike
3-2: Base on Balls
Javier Umanzor to second
Batting: LHB Bobby Upton 0-0: Called Strike
0-1: Fielders Choice at 2nd, U6 (Groundball, 4M, EV 83.8 MPH)
Javier Umanzor to third
Batting: RHB Christian Shearer 0-0: Called Strike
0-1: Ball
1-1: Ball
2-1: Fielders Choice at 2nd, 5-4 (Groundball, 56, EV 86.2 MPH)
Bottom of the 3rd over - 0 runs, 1 hit, 0 errors, 2 left on base; Portland 0 - Trenton 1
TOP OF THE 4TH
Portland Sea Dogs batting - Pitching for Trenton Thunder : LHP Omar Quinones
Batting: RHB William Lung 0-0: Fly out, F4 (Popup, 4MD, EV 53.8 MPH)
Batting: RHB Jose Diaz 0-0: Ball
1-0: Ball
2-0: Called Strike
2-1: Ground out 6-3 (Groundball, 6, EV 105.0 MPH)
Batting: RHB Carlos Nolasco 0-0: Fly out, F7 (Flyball, 7D, EV 108.1 MPH)
Top of the 4th over - 0 runs, 0 hits, 0 errors, 0 left on base; Portland 0 - Trenton 1
BOTTOM OF THE 4TH
Trenton Thunder batting - Pitching for Portland Sea Dogs : LHP Will Sledge
Batting: SHB Ryan Buchbinder 0-0: DOUBLE (Line Drive, 8RXD, EV 112.5 MPH)
Batting: RHB Larry Martell 0-0: Ball
1-0: Ball
2-0: Ball
3-0: Base on Balls
Batting: RHB Roberto Tena 0-0: Ball
1-0: Fielders Choice at 2nd, 5-4 (Groundball, 56S, EV 86.2 MPH)
Ryan Buchbinder to third
Batting: SHB David Stewart 0-0: Foul Ball, location: 2F
0-1: SINGLE (Line Drive, 7S, EV 88.8 MPH)
Ryan Buchbinder scores
Roberto Tena to second
Batting: RHB Javier Umanzor 0-0: Called Strike
0-1: Ball
1-1: Called Strike
1-2: DOUBLE (Line Drive, 7LM, EV 101.9 MPH)
Roberto Tena scores
David Stewart to third
Runner from 3rd tries for Home, throw by LF and OUT! 7-6-2
Javier Umanzor to third
Batting: RHB Phil Reeves 0-0: Ball
1-0: Foul Ball, location: 2F
1-1: Swinging Strike
1-2: SINGLE (Groundball, 56S, EV 61.9 MPH) (infield hit)
Javier Umanzor scores
Batting: RHB Jose Tovar 0-0: Called Strike
0-1: SINGLE (Groundball, 56D, EV 94.4 MPH)
Phil Reeves to second
Batting: LHB Bobby Upton 0-0: Ball
1-0: SINGLE (Groundball, 25, EV 62.5 MPH) (infield hit)
Phil Reeves to third
Jose Tovar to second
Batting: RHB Christian Shearer 0-0: Ball
1-0: Ball
2-0: Ball
3-0: Base on Balls
Phil Reeves scores
Jose Tovar to third
Bobby Upton to second
Pitching: RHP Lukasha Sheigus
Batting: SHB Ryan Buchbinder 0-0: Ball
1-0: SINGLE (Groundball, 5L, EV 103.8 MPH)
Jose Tovar scores
Bobby Upton to third
Christian Shearer to second
Batting: RHB Larry Martell 0-0: Called Strike
0-1: Called Strike
0-2: Strikes out swinging
Bottom of the 4th over - 5 runs, 7 hits, 0 errors, 3 left on base; Portland 0 - Trenton 6
TOP OF THE 5TH
Portland Sea Dogs batting - Pitching for Trenton Thunder : LHP Omar Quinones
Batting: RHB Mike Cavagnaro 0-0: Ball
1-0: Ball
2-0: Ground out 6-3 (Groundball, 6, EV 83.8 MPH)
Batting: RHB Tommy Boudreaux 0-0: Ball
1-0: Ball
2-0: Fly out, F8 (Line Drive, 8LM, EV 92.5 MPH)
Batting: RHB Frank Sokolosky 0-0: Called Strike
0-1: Ball
1-1: Swinging Strike
1-2: Ball
2-2: Ball
3-2: SOLO HOME RUN (Flyball, 7LD, EV 98.1 MPH), Distance : 386 ft
Batting: RHB Nick Cottrell 0-0: Swinging Strike
0-1: Ball
1-1: SOLO HOME RUN (Line Drive, 89XD, EV 115.6 MPH), Distance : 444 ft
Batting: RHB John Chiesa 0-0: Ball
1-0: Called Strike
1-1: Foul Ball, location: 2F
1-2: Foul Ball, location: 2F
1-2: Strikes out looking
Top of the 5th over - 2 runs, 2 hits, 0 errors, 0 left on base; Portland 2 - Trenton 6
BOTTOM OF THE 5TH
Trenton Thunder batting - Pitching for Portland Sea Dogs : RHP Lukasha Sheigus
Batting: RHB Roberto Tena 0-0: Fly out, F9 (Flyball, 89XD, EV 87.5 MPH)
Batting: SHB David Stewart 0-0: Ball
1-0: Ball
2-0: Ball
3-0: Called Strike
3-1: Fly out, F4 (Line Drive, 4, EV 66.9 MPH)
Batting: RHB Javier Umanzor 0-0: Ground out U3 (Groundball, 34, EV 105.0 MPH)
Bottom of the 5th over - 0 runs, 0 hits, 0 errors, 0 left on base; Portland 2 - Trenton 6
TOP OF THE 6TH
Portland Sea Dogs batting - Pitching for Trenton Thunder : LHP Omar Quinones
Batting: RHB Matt Hinkle 0-0: Ball
1-0: Ball
2-0: Foul Ball, location: 2F
2-1: Foul Ball, location: 2F
2-2: Ball
3-2: Base on Balls
Batting: RHB William Lung 0-0: Swinging Strike
0-1: Ball
Matt Hinkle steals 2nd base
1-1: Foul Ball, location: 2F
1-2: Strikes out swinging
Pitching: RHP Eddie Aguilar
Batting: RHB Jose Diaz 0-0: Called Strike
0-1: Hit by Pitch
Batting: RHB Carlos Nolasco 0-0: Foul Ball, location: 2F
0-1: Ball
1-1: Ball
2-1: SINGLE (Groundball, 5D, EV 101.2 MPH)
Matt Hinkle to third
Jose Diaz to second
Runner from 3rd tries for Home, SAFE, throw by LF to home
Batting: LHB Noel Young 0-0: Called Strike
0-1: Ball
1-1: Foul Ball, location: 2F
1-2: Ball
2-2: Strikes out swinging
Pinch Hitting: LHB Julian Toney 0-0: Foul Ball, location: 2F
0-1: Ball
1-1: Called Strike
1-2: Ball
2-2: Ball
3-2: Fly out, F5 (Popup, 25F, EV 90.0 MPH)
Top of the 6th over - 1 run, 1 hit, 0 errors, 2 left on base; Portland 3 - Trenton 6
BOTTOM OF THE 6TH
Trenton Thunder batting - Pitching for Portland Sea Dogs : RHP Lukasha Sheigus
Now in RF: Julian Toney
Batting: RHB Phil Reeves 0-0: Called Strike
0-1: Hit by Pitch
Batting: RHB Jose Tovar 0-0: Ball
1-0: Foul Ball, location: 2F
1-1: Called Strike
1-2: Ball
2-2: Ground out 5-3 (Groundball, 56, EV 108.1 MPH)
Phil Reeves to second
Batting: LHB Bobby Upton 0-0: Called Strike
0-1: Called Strike
0-2: Ball
1-2: Ground out 6-3 (Groundball, 56, EV 100.6 MPH)
Batting: RHB Christian Shearer 0-0: Swinging Strike
0-1: Swinging Strike
0-2: Ball
1-2: Ball
2-2: Ball
3-2: Base on Balls
Batting: SHB Ryan Buchbinder 0-0: Foul Ball, location: 2F
0-1: Called Strike
0-2: Fly out, F7 (Line Drive, 7D, EV 103.1 MPH)
Bottom of the 6th over - 0 runs, 0 hits, 0 errors, 2 left on base; Portland 3 - Trenton 6
TOP OF THE 7TH
Portland Sea Dogs batting - Pitching for Trenton Thunder : RHP Eddie Aguilar
Batting: RHB Frank Sokolosky 0-0: Called Strike
0-1: Ball
1-1: Ball
2-1: SINGLE (Groundball, 6MS, EV 63.8 MPH) (infield hit)
Batting: RHB Nick Cottrell 0-0: Ball
1-0: Ball
2-0: Swinging Strike
2-1: Called Strike
2-2: Ball
3-2: Strikes out swinging
Batting: RHB John Chiesa 0-0: Called Strike
0-1: Ball
1-1: Swinging Strike
1-2: Ball
2-2: Strikes out swinging
Batting: RHB Matt Hinkle 0-0: Ball
1-0: Called Strike
1-1: Called Strike
1-2: Foul Ball, location: 2F
1-2: Foul Ball, location: 2F
1-2: Ball
2-2: Ball
3-2: Ground out 4-3 (Groundball, 4MS, EV 71.9 MPH)
Top of the 7th over - 0 runs, 1 hit, 0 errors, 1 left on base; Portland 3 - Trenton 6
BOTTOM OF THE 7TH
Trenton Thunder batting - Pitching for Portland Sea Dogs : RHP Lukasha Sheigus
Pitching: RHP Aaron Brannon
Batting: RHB Larry Martell 0-0: Ball
1-0: Ground out 4-3 (Groundball, 4, EV 81.9 MPH)
Batting: RHB Roberto Tena 0-0: Called Strike
0-1: Ball
1-1: Ball
2-1: Swinging Strike
2-2: Ball
3-2: Fly out, F9 (Flyball, 9S, EV 75.0 MPH)
Batting: SHB David Stewart 0-0: Ball
1-0: Ball
2-0: Foul Ball, location: 2F
2-1: Ball
3-1: Called Strike
3-2: Strikes out swinging
Bottom of the 7th over - 0 runs, 0 hits, 0 errors, 0 left on base; Portland 3 - Trenton 6
TOP OF THE 8TH
Portland Sea Dogs batting - Pitching for Trenton Thunder : RHP Eddie Aguilar
Pitching: RHP Jimmy Williams
Pinch Hitting: LHB Jarrett Mordecai 0-0: Ball
1-0: Ground out 4-3 (Groundball, 34D, EV 108.1 MPH)
Batting: RHB Jose Diaz 0-0: Ball
1-0: Called Strike
1-1: SINGLE (Groundball, 13S, EV 76.2 MPH) (infield hit)
Batting: RHB Carlos Nolasco 0-0: Called Strike
0-1: Ball
1-1: Ball
2-1: Ball
3-1: Foul Ball, location: 2F
3-2: Foul Ball, location: 2F
3-2: Grounds into double play, 5-4-3 (Groundball, 56S, EV 90.0 MPH)
Top of the 8th over - 0 runs, 1 hit, 0 errors, 0 left on base; Portland 3 - Trenton 6
BOTTOM OF THE 8TH
Trenton Thunder batting - Pitching for Portland Sea Dogs : RHP Aaron Brannon
Now in LF: Jarrett Mordecai
Batting: RHB Javier Umanzor 0-0: Ball
1-0: Ball
2-0: Ground out 6-3 (Groundball, 56, EV 81.9 MPH)
Batting: RHB Phil Reeves 0-0: Ball
1-0: Foul Ball, location: 2F
1-1: Ball
2-1: Foul Ball, location: 2F
2-2: Ball
3-2: Ground out 3-1 (Groundball, 34, EV 83.1 MPH)
Batting: RHB Jose Tovar 0-0: Ball
1-0: Called Strike
1-1: Ball
2-1: Foul Ball, location: 2F
2-2: Ball
3-2: Foul Ball, location: 2F
3-2: Foul Ball, location: 2F
3-2: Base on Balls
Batting: LHB Bobby Upton 0-0: Ball
1-0: Called Strike
1-1: Ball
2-1: Foul Ball, location: 2F
2-2: Strikes out swinging
Bottom of the 8th over - 0 runs, 0 hits, 0 errors, 1 left on base; Portland 3 - Trenton 6
TOP OF THE 9TH
Portland Sea Dogs batting - Pitching for Trenton Thunder : RHP Jimmy Williams
Pitching: RHP Ricky Mercer
Batting: LHB Noel Young 0-0: Called Strike
0-1: Foul Ball, location: 2F
0-2: Foul Ball, location: 2F
0-2: Foul Ball, location: 2F
0-2: Ball
1-2: Foul Ball, location: 2F
1-2: Fly out, F8 (Flyball, 89D, EV 95.0 MPH)
Batting: LHB Julian Toney 0-0: Called Strike
0-1: Called Strike
0-2: Strikes out swinging
Batting: RHB Frank Sokolosky 0-0: Fly out, F9 (Flyball, 89M, EV 86.9 MPH)
Top of the 9th over - 0 runs, 0 hits, 0 errors, 0 left on base; Portland 3 - Trenton 6
Tuesday, September 13th , 2022 - OOTP Baseball 23.7 Build 88